 Dungeon Crawl Stone Soup version 0.30-a0-779-g7971cf19c3 (webtiles) character file.

Game seed: 5114542629212268514

9101 DEFE the Basher (level 11, -1/84 HPs)
             Began as a Demonspawn Wanderer on Feb 17, 2023.
             Was a Believer of Ru.
             Slain by an ogre
             ... wielding a +0 giant club
             ... led by Lodul
              (20 damage)
             ... on level 11 of the Dungeon.
             The game lasted 00:11:57 (12331 turns).

DEFE the Basher (Demonspawn Wanderer)              Turns: 12331, Time: 00:11:58

Health: -1/84      AC: 17    Str: 12    XL:     11   Next: 18%
Magic:  12/12      EV:  3    Int: 15    God:    Ru [**....]
Gold:   569        SH:  0    Dex: 16    Spells: 11/12 levels left

rFire   . . .      SeeInvis .    L - +5 broad axe
rCold   . . .      Faith    .    (no shield)
rNeg    + . .      Spirit   .    P - +1 chain mail of Buxitir {rPois rN+}
rPois   +          Reflect  .    (helmet restricted)
rElec   .          Harm     .    b - +0 cloak
rCorr   .          Rampage  .    h - +2 pair of gloves
Will    +....                    (no boots) Stlth
                                 M - amulet of regeneration
HPRegen 1.14/turn                v - +4 ring of protection
MPRegen 0.13/turn                r - ring of willpower

@: unable to drink
A: horns 2, repulsion field 2, demonic guardian 1, powered by pain 2, inability
to drink after injury 2, reduced EV 1
a: Renounce Religion


You were on level 11 of the Dungeon.
You worshipped Ru.
Ru was pleased with you.
You visited 2 branches of the dungeon, and saw 12 of its levels.
You also visited: Ossuary and Bailey.

You collected 982 gold pieces.
You spent 413 gold pieces at shops.

Inventory:

Hand Weapons
 i - a +4 short sword
 o - a +0 hand axe of electrocution
 A - a +1 whip of electrocution
 L - a +5 broad axe (weapon)
Armour
 b - a +0 cloak (worn)
 d - a +0 robe
 h - a +2 pair of gloves (worn)
 k - a +0 chain mail
 E - a +0 troll leather armour
 J - +0 acid dragon scales
 P - the +1 chain mail of Buxitir (worn) {rPois rN+}
   (You bought it in a shop on level 11 of the Dungeon)

   rPois:     It protects you from poison.
   rN:        It protects you from negative energy.
Jewellery
 p - a ring of see invisible
 r - a ring of willpower (right hand)
 t - a ring of flight
 v - a +4 ring of protection (left hand)
 y - an amulet of guardian spirit
 K - a ring of fire
 M - an amulet of regeneration (around neck)
Wands
 G - a wand of flame (6)
Scrolls
 c - 6 scrolls of fear
 f - 4 scrolls of enchant armour
 j - 3 scrolls of amnesia
 n - 8 scrolls of teleportation
 w - 3 scrolls of enchant weapon
 x - 2 scrolls of blinking
 F - a scroll of butterflies
 H - a scroll of silence
 N - a scroll of torment {unknown}
 O - a scroll of immolation
 R - a scroll of poison {unknown}
Potions
 a - a potion of experience
 e - 2 potions of haste
 l - 6 potions of curing {unknown}
 m - a potion of berserk rage {unknown}
 q - 4 potions of might {unknown}
 s - a potion of lignification {unknown}
 u - 3 potions of degeneration {unknown}
 z - a potion of brilliance {unknown}
 B - 3 potions of cancellation {unknown}
 C - a potion of resistance {unknown}
 D - 2 potions of magic {unknown}
 I - 3 potions of heal wounds {unknown}
Miscellaneous
 g - a phial of floods (inert)


   Skills:
 - Level 7.1 Fighting
 + Level 12.0(12.1) Maces & Flails
 - Level 2.9(8.2) Staves
 - Level 1.7 Dodging
 + Level 4.2 Stealth
 - Level 1.0 Spellcasting
 - Level 2.6 Fire Magic
 - Level 1.2 Invocations
 + Level 7.5 Evocations


You had 11 spell levels left.
You knew the following spells:

 Your Spells              Type           Power      Damage    Failure   Level
a - Foxfire               Conj/Fire      16%        2x1d4     100%        1

Your spell library contained the following spells:

 Spells                   Type           Power      Damage    Failure   Level
 Scorch                   Fire           16%        2d5       99%         2
 Necrotise                Necr           0%         1d4       100%        1
 Slow                     Hex            0%         N/A       100%        1
 Cigotuvi's Dreadful Rot  Necr/Pois/Air  0%         N/A       100%        2
 Ensorcelled Hibernation  Hex/Ice        0%         N/A       100%        2
 Passwall                 Tmut/Erth      0%         N/A       100%        2
 Poisonous Vapours        Pois/Air       0%         N/A       100%        2
 Confusing Touch          Hex            0%         N/A       100%        3
 Inner Flame              Hex/Fire       4%         N/A       100%        3
 Kindle Blastsparks       Fire/Tloc/Air  6%         2d10      100%        3
 Mephitic Cloud           Conj/Pois/Air  0%         N/A       100%        3
 Spider Form              Tmut/Pois      0%         N/A       100%        3
 Swiftness                Air            0%         N/A       100%        3
 Vampiric Draining        Necr           0%         2d6       100%        3
 Anguish                  Hex/Necr       0%         N/A       100%        4
 Fulminant Prism          Conj/Hex       0%         3d5       100%        4
 Iskenderun's Mystic Bla  Conj/Tloc      0%         2d3       100%        4
 Agony                    Necr           0%         N/A       100%        5
 Lee's Rapid Deconstruct  Erth           0%         3d4*      100%        5


Dungeon Overview and Level Annotations

Branches:
Dungeon (11/15)            Temple (1/1) D:7             Orc (0/2) D:9
Ossuary (visited)          Bailey (visited)
   Lair: D:8-11

Altars:
Dithmenos
Fedhas
Gozag
Hepliaklqana
Makhleb
Nemelex Xobeh
Okawaru
Ru
Uskayaw
Wu Jian
Yredelemnul
Jiyva

Shops:
D:9 :   D:11 [[

Portals:
Trove: D:10 (give +7 demon blade)

Annotations:
D:2 1 runed translucent door, Crazy Yiuf
D:3 1 runed translucent door, wpisznazwe's ghost, amateur BaHu
D:10 exclusion: vampire


Innate Abilities, Weirdness & Mutations

You have a pair of horns on your head.
You are surrounded by a moderate repulsion field. (EV +3)
A weak demonic guardian rushes to your aid.
You sometimes gain power by taking damage.
You sometimes lose the ability to drink potions when taking damage.
You have somewhat slow reflexes. (EV -5)


Message History

An ogre comes into view. It is wielding a +0 giant spiked club.
The ogre shouts!
You hear a shout! x3
An ogre comes into view. It is wielding a +0 giant club.
You drop a scarf of harm.
An ogre comes into view. It is wielding a +0 giant club.
Okay, then.
You slash the ogre! You headbutt the ogre.
The ogre is stunned by your conviction and fails to attack.
Unknown command.
You hit the ogre. You headbutt the ogre.
The ogre hits you with a +0 giant spiked club!
You take 15 damage, and have 69/84 hp.
Unknown command.
You slice the ogre!!
You kill the ogre!
You slash the ogre! The ogre hits you with a +0 giant club.
The ogre hits you with a +0 giant club!!
You feel threatened and lose the ability to drink potions!
You take 22 damage, and have 47/84 hp.
MASSIVE DAMAGE!!
You slash the ogre! x2
The ogre hits you with a +0 giant club!!
* * * LOW HITPOINT WARNING * * *
You take 25 damage, and have 22/84 hp.
MASSIVE DAMAGE!!
You are too injured to fight recklessly!
Unknown command.
You are too injured to fight recklessly!
You are too injured to fight recklessly!
You slash the ogre! You headbutt the ogre! You barely miss the ogre.
The ogre is stunned by your conviction and fails to attack.
The ogre hits you with a +0 giant club.
* * * LOW HITPOINT WARNING * * *
You take 4 damage, and have 18/84 hp.
Unknown command.
Unknown command.
You slash the ogre! You hit the ogre.
You kill the ogre!
The ogre hits you with a +0 giant club!!
You die...

#......#......#........
..#..<...8......#........
................#........
.#8...∩...8....#O.......
#.............#[.......
#..8...>......#........
#............##........
#....8....#####........
#......#...@)...........#
#......#....O...........#
#......#................#
#......#.....##.........#
.#......#.....##...._....#
...............#.........#
........#......#.........#
.#......#......#..)......#
.'......#......#.........#


You could see an ogre.

Vanquished Creatures
  An orc warlord (Bailey)
  3 two-headed ogres (D:10)
  An ugly thing (D:8)
  A gargoyle (D:10)
  2 trolls
  A hornet (D:10)
  2 wyverns
  6 yaks
  2 steam dragons
  An acid dragon (D:8)
  A water moccasin (D:7)
  3 black bears
  5 orc warriors
  A sky beast (D:7)
  An ice beast (D:7)
  3 ogres
  2 centaurs (D:9)
  A phantom (D:4)
  An elf zombie (Ossuary)
  A kobold brigand (D:9)
  Blork the orc (D:4)
  A bullfrog (D:8)
  9 wights
  6 killer bees (D:10)
  A centaur zombie (Ossuary)
  5 howler monkeys
  A human zombie (Ossuary)
  3 jellies (D:11)
  2 gnoll boudas
  3 orc priests
  2 iguanas (D:4)
  3 orc wizards
  3 mummies
  4 adders
  9 gnolls
  2 white imps (D:8)
  A worm (D:4)
  2 dart slugs
  24 orcs
  13 ball pythons
  10 endoplasms
  2 giant cockroaches (D:1)
  3 gnoll zombies (Ossuary)
  8 goblins
  11 hobgoblins
  11 jackals
  4 quokkas
  6 bats
  6 frilled lizards
  2 goblin zombies
  3 hobgoblin zombies (Ossuary)
  14 kobolds
  3 orc zombies
  6 rats
223 creatures vanquished.

Vanquished Creatures (collateral kills)
  A slime creature (D:11)
  2 yaks (D:11)
  A gnoll (D:7)
  2 jackals (D:5)
  A goblin zombie (Ossuary)
  A hobgoblin zombie (Ossuary)
8 creatures vanquished.

Vanquished Creatures (others)
  A plant (D:11)
1 creature vanquished.

Grand Total: 232 creatures vanquished

Notes
Turn   | Place    | Note
-------+----------+-------------------------------------------
     0 | D:1      | DEFE the Demonspawn Wanderer began the quest for the Orb.
     0 | D:1      | DEFE set off with the following items: a +0 quarterstaff, a
                  | +0 cloak, a scroll of fear, a +0 robe; and the following
                  | spell memorised: Foxfire; and the following spells
                  | available to memorise: Scorch, Inner Flame.
     0 | D:1      | Reached XP level 1. HP: 15/15 MP: 2/2
   237 | D:1      | Gained mutation: You have a pair of small horns on your
                  | head. [demonic ancestry]
   237 | D:1      | Reached XP level 2. HP: 21/21 MP: 3/3
   631 | D:1      | Reached XP level 3. HP: 21/27 MP: 4/4
  1407 | D:2      | Found a runed translucent door.
  1408 | D:2      | Noticed Crazy Yiuf
  1603 | D:2      | Reached XP level 4. HP: 35/35 MP: 5/5
  1758 | D:3      | Found a runed translucent door.
  1760 | D:3      | Noticed wpisznazwe's ghost (amateur BaHu)
  1760 | D:3      | Noticed an ogre
  2166 | D:3      | Found an ornate altar of the Wu Jian Council.
  2388 | D:4      | Noticed a phantom
  2402 | D:4      | Killed a phantom
  2403 | D:4      | Gained mutation: You sometimes gain a little power by
                  | taking damage. [demonic ancestry]
  2403 | D:4      | Reached XP level 5. HP: 29/43 MP: 6/6
  2599 | D:4      | Found an opulent altar of Gozag.
  2629 | D:4      | Found a burning altar of Makhleb.
  2647 | D:4      | Noticed a black bear
  2661 | D:4      | Killed a black bear
  2662 | D:4      | Reached skill level 5 in Fighting
  2662 | D:4      | Reached XP level 6. HP: 34/52 MP: 7/7
  2852 | D:4      | Found a hide-covered altar of Uskayaw.
  2998 | D:4      | Noticed Blork the orc
  3011 | D:4      | Killed Blork the orc
  3206 | D:4      | Found a basalt altar of Yredelemnul.
  3390 | D:5      | Entered Level 5 of the Dungeon
  3527 | D:5      | Gained mutation: A weak demonic guardian rushes to your
                  | aid. [demonic ancestry]
  3527 | D:5      | Reached XP level 7. HP: 54/60 MP: 8/8
  3593 | D:5      | Reached skill level 1 in Maces & Flails
  4146 | D:6      | Found a blossoming altar of Fedhas.
  4149 | D:6      | Found a sacrificial altar of Ru.
  4159 | D:6      | Became a worshipper of Ru the Awakened
  4718 | D:6      | Reached skill level 2 in Maces & Flails
  4783 | D:7      | Reached skill level 3 in Maces & Flails
  4871 | D:7      | Reached skill level 4 in Maces & Flails
  5049 | D:7      | Gained mutation: You are surrounded by a mild repulsion
                  | field. (EV +2) [demonic ancestry]
  5049 | D:7      | Reached XP level 8. HP: 40/67 MP: 9/9
  5063 | D:7      | Found a sand-covered staircase.
  5083 | Ossuary  | Entered an ossuary
  5157 | Ossuary  | Reached skill level 5 in Maces & Flails
  5223 | Ossuary  | Gained mutation: You have somewhat slow reflexes. (EV -5)
                  | [Ru sacrifice]
  5223 | Ossuary  | Reached * piety under Ru
  5499 | D:7      | Found a staircase to the Ecumenical Temple.
  5511 | D:7      | Reached skill level 6 in Maces & Flails
  6193 | D:7      | Found a sparkling altar of Nemelex Xobeh.
  6313 | Temple   | Entered the Ecumenical Temple
  6336 | D:8      | Reached skill level 7 in Maces & Flails
  6484 | D:8      | Noticed a troll
  6510 | D:7      | Killed a troll
  6511 | D:7      | Reached skill level 8 in Maces & Flails
  6511 | D:7      | Gained mutation: You have a pair of horns on your head.
                  | [demonic ancestry]
  6511 | D:7      | Reached XP level 9. HP: 28/72 MP: 10/10
  6721 | D:8      | Noticed a white ugly thing
  6730 | D:8      | Killed a white ugly thing
  6731 | D:8      | Reached skill level 9 in Maces & Flails
  7109 | D:8      | Found a large runed translucent door.
  7110 | D:8      | Found a large runed translucent door.
  7303 | D:8      | Found an iron altar of Okawaru.
  7320 | D:8      | Reached skill level 1 in Evocations
  7622 | D:8      | Found a hazy altar of Hepliaklqana.
  7748 | D:9      | Reached skill level 10 in Maces & Flails
  7762 | D:9      | Found a flagged portal.
  7898 | Bailey   | Entered a bailey
  7936 | Bailey   | Noticed an orc warlord
  8028 | Bailey   | Found a runed translucent gate.
  8031 | Bailey   | Found a runed translucent gate.
  8033 | Bailey   | Found a runed translucent gate.
  8235 | Bailey   | Killed an orc warlord
  8236 | Bailey   | Gained mutation: You are surrounded by a moderate repulsion
                  | field. (EV +3) [demonic ancestry]
  8236 | Bailey   | Reached XP level 10. HP: 11/79 MP: 11/11
  8697 | D:9      | Gained mutation: You occasionally lose the ability to drink
                  | potions when taking damage. [Ru sacrifice]
  8697 | D:9      | Gained mutation: You sometimes lose the ability to drink
                  | potions when taking damage. [Ru sacrifice]
  8697 | D:9      | Reached ** piety under Ru
  8887 | D:9      | Found the +5 woodcutter's axe
  8981 | D:9      | Found a staircase to the Orcish Mines.
  8993 | D:9      | Found Durgha's Book Shoppe.
  9355 | D:10     | Entered Level 10 of the Dungeon
  9363 | D:10     | Paralysed by a hornet for 3 turns
  9372 | D:10     | Reached skill level 5 in Evocations
  9630 | D:10     | Noticed a two-headed ogre
  9643 | D:10     | Killed a two-headed ogre
  9644 | D:10     | Reached skill level 11 in Maces & Flails
 10091 | D:10     | Noticed a two-headed ogre
 10100 | D:10     | Killed a two-headed ogre
 10101 | D:10     | Reached skill level 1 in Stealth
 10184 | D:10     | Noticed a two-headed ogre
 10211 | D:10     | Killed a two-headed ogre
 11039 | D:10     | Gained mutation: You sometimes gain power by taking damage.
                  | [demonic ancestry]
 11039 | D:10     | Reached XP level 11. HP: 83/84 MP: 12/12
 11264 | D:10     | Found a portal to a secret trove of treasure.
 11701 | D:11     | Found Bok Usix's Antique Armour Shoppe.
 11704 | D:11     | Bought a masterwork chain mail for 237 gold pieces
 11704 | D:11     | Identified the +1 chain mail of Buxitir {rPois rN+} (You
                  | bought it in a shop on level 11 of the Dungeon)
 11953 | D:11     | Found a viscous altar of Jiyva.
 12115 | D:11     | Reached skill level 12 in Maces & Flails
 12279 | D:11     | Found Imiff's Antique Armour Emporium.
 12292 | D:11     | Bought an embroidered scarf for 176 gold pieces
 12331 | D:11     | Slain by an ogre

Illustrated notes

Levels and vault maps discovered:
D:1:      lemuel_arrival_river_ford, layout_basic, hangedman_feature_mirror,
          chequers_arboretum, minmay_tromino_mix6
D:2:      layout_loops_cross, corner_web_ring, uniq_crazy_yiuf_cottage
D:3:      layout_basic, nzn_wu_jian_council_hall, ebering_ghost_inner_flame
D:4:      layout_loops_cross, mainiacjoe_overflow_alcove_2,
          yredelemnul_altar_generic, mainiacjoe_overflow_cross_hatched,
          nicolae_uskayaw_murder_on_the_dancefloor, uniq_blork_the_orc
D:5:      layout_basic
D:6:      layout_basic, grunt_temple_overflow_open,
          chequers_serial_rivers_micro_e
D:7:      layout_loops_ring, general_overflow_altar,
          minmay_temple_entry_statues_fountains, nicolae_ossuary_entry_giza,
          chequers_serial_rivers_small_b
D:8:      layout_rooms, okawaru_trees_2, jmf_multi_god_temple2
D:9:      layout_stronghold, orc_0_dummy, serial_shops, nicolae_take_the_stairs,
          enter_bailey_2
D:10:     layout_basic, enter_trove_3
D:11:     layout_gridville, david_lair_generic, serial_shops,
          nicolae_stop_n_shop_1, kennysheep_mini, shop,
          minmay_misc_feat_diagonals, st_stairs_1,
          chequers_serial_rivers_room_a, jiyva_altar_1, uniq_lodul
Temple:   hellmonk_temple_of_storms

Skill      XL: |  1  2  3  4  5  6  7  8  9 10 11 |
---------------+----------------------------------+-----
Staves         | 2 |  2.9
Fighting       | 3 4 5 7 |  7.1
Maces & Flails | 4 8 10 11 12 | 12.0
Evocations     | 4 7 |  7.5
Stealth        | 3 4 |  4.2
Dodging        | |  1.7
Spellcasting   | |  1.0
Fire Magic     | |  2.6
Invocations    | |  1.2

Action                     |  1- 3 |  4- 6 |  7- 9 | 10-12 || total
---------------------------+-------+-------+-------+-------++-------
  Melee: Quarterstaff      |    40 |       |       |       ||    40
         Short sword       |    86 |   136 |    30 |       ||   252
         Headbutt          |    16 |    26 |    80 |    54 ||   176
         Punch             |     2 |     3 |     7 |     2 ||    14
         Whip              |       |       |   370 |   168 ||   538
         Broad axe         |       |       |       |    60 ||    60
 Invoke: Sacrifice Health  |       |       |     1 |       ||     1
         Sacrifice Drink   |       |       |       |     1 ||     1
  Evoke: Wand              |       |       |    15 |     9 ||    24
         Phial of floods   |       |       |       |     1 ||     1
    Use: Scroll            |       |       |    13 |       ||    13
   Stab: Sleeping          |     1 |       |       |       ||     1
         Distracted        |       |       |     1 |       ||     1
         Invisible         |       |       |     2 |     5 ||     7
 Armour: Robe              |    17 |       |       |       ||    17
         Chain mail        |    50 |   100 |   199 |    26 ||   375
         Acid dragon scale |       |       |    43 |    50 ||    93
  Dodge: Dodged            |    43 |    23 |    79 |    57 ||   202

Table legend: (Time is in decaauts)
 A = Elapsed time spent in this place.
 B = Non-inter-level travel time spent in this place.
 C = Inter-level travel time spent in this place.
 D = Time resting spent in this place.
 E = Time spent auto-exploring this place.
 F = Levels seen in this place.
 G = Mean time per level.
                   A        B        C        D        E       F      G
               +--------+--------+--------+--------+--------+-----+--------+
         Total |  12205 |  11849 |    356 |   2618 |   7385 |  14 |  871.8 |
       Dungeon |  11280 |  10924 |    356 |   2220 |   7080 |  11 | 1025.5 |
        Temple |      1 |      1 |      0 |      0 |      0 |   1 |    1.0 |
       Ossuary |    245 |    245 |      0 |      0 |    161 |   1 |  245.0 |
        Bailey |    678 |    678 |      0 |    398 |    144 |   1 |  678.0 |
               +--------+--------+--------+--------+--------+-----+--------+

Top non-repeatable levels by time:
    D:10: 2281 daAuts
     D:7: 1348 daAuts
     D:9: 1150 daAuts
     D:8: 1106 daAuts
     D:4: 1002 daAuts
     D:1: 905 daAuts
     D:6: 900 daAuts
     D:2: 810 daAuts
     D:3: 684 daAuts
  Bailey: 678 daAuts
     D:5: 592 daAuts
    D:11: 496 daAuts
 Ossuary: 245 daAuts
  Temple: 1 daAuts
